 Dungeon Crawl Stone Soup version 0.31-a0-743-g45f7035092 (webtiles) character file.

Game seed: 17859264865898331909

81 LobsterGuardian the Chopper (level 4, -3/49 HPs)
             Began as a Demonspawn Gladiator on Sept 12, 2023.
             Slain by an orc
             ... wielding a +0 trident
              (5 damage)
             ... on level 3 of the Dungeon on Sept 13, 2023.
             The game lasted 00:06:32 (1891 turns).

LobsterGuardian the Chopper (Demonspawn Gladiator)  Turns: 1891, Time: 00:06:34

Health: -3/49      AC: 22    Str: 16    XL:     4   Next: 20%
Magic:  13/13      EV:  2    Int:  8    God:
Gold:   217        SH:  0    Dex: 18    Spells: 3/3 levels left

rFire   . . .        a - +0 war axe
rCold   . . .        (no shield)
rNeg    . . .        b - melded +0 leather armour
rPois   +            c - melded +0 helmet
rElec   .            t - melded +1 cloak
rCorr   .            (gloves currently unavailable)
SInv    .            (boots currently unavailable)
Will    .....        k - amulet of the acrobat
Stlth   +            n - ring of magical power
HPRegen 0.28/turn    (no ring)
MPRegen 0.13/turn

%: acrobat
@: confused, mighty, lethally poisoned (-3 -> -13), tree-form, hasted, very
quick
A: stationary, stasis, torment immunity, boosted hp, (molten scales 2), agile 1
a: no special abilities


You were on level 3 of the Dungeon.
You were a tree.
You visited 1 branch of the dungeon, and saw 3 of its levels.

You collected 217 gold pieces.

Inventory:

Hand Weapons
 a - a +0 war axe (weapon)
Missiles
 d - 3 throwing nets (quivered)
 e - a javelin
Armour
 b - a +0 leather armour (melded)
 c - a +0 helmet (melded)
 h - a scarf of repulsion
 t - a +1 cloak (melded)
Jewellery
 k - an amulet of the acrobat (around neck)
 n - a ring of magical power (left branch)
Scrolls
 f - a scroll of enchant armour {unknown}
 g - 3 scrolls of teleportation
 i - a scroll of fog {unknown}
 l - a scroll of brand weapon {unknown}
 m - a scroll of amnesia
 s - 2 scrolls of fear {unknown}
 v - 3 scrolls of enchant weapon {unknown}
Potions
 j - a potion of brilliance
 o - a potion of haste
 p - 2 potions of enlightenment
 r - a potion of mutation


   Skills:
 + Level 2.1 Fighting
 * Level 4.5 Axes
 + Level 1.7 Throwing
 + Level 0.1 Armour
 + Level 2.7 Dodging


You had 3 spell levels left.
You didn't know any spells.
Your spell library contained the following spells:

 Spells                   Type           Power      Damage    Failure   Level
 Sting                    Tmut/Pois      0%         1d3       41%         1
 Poisonous Vapours        Pois/Air       0%         N/A       54%         2
 Olgreb's Toxic Radiance  Pois           0%         N/A       99%         4


Dungeon Overview and Level Annotations

Branches:
Dungeon (3/15)

Altars:
Fedhas
Kikubaaqudgha
Yredelemnul

Shops:
D:1 [

Annotations:
D:3 2 runed translucent doors


Innate Abilities, Weirdness & Mutations

You are a tree.
Your roots penetrate the ground, keeping you stationary.
You cannot be teleported.
You are immune to unholy pain and torment.
Your maximum health is greatly increased.
Your equipment is partially melded.
((You are mostly covered in molten scales. (AC +3)))
You are agile. (Dex +4, Str/Int -1)


Message History

The orc wizard hits you but does no damage.
The kobold throws a poisoned dart.
The poisoned dart hits you!
You are more poisoned.
The orc hits you from afar with a +0 trident.
Something hits you but does no damage.
Unknown command.
You feel yourself speed up.
You feel very sick.
The orc wizard points at you and mumbles some strange words.
The puff of flame hits you!
* * * LOW HITPOINT WARNING * * *
Something hits you but does no damage.
The orc hits you from afar with a +0 trident.
* * * LOW HITPOINT WARNING * * *
Unknown command.
Unknown command.
You are too confused!
Sorry, you're not good enough to have a special ability.
Okay, then.
You cannot move. (Use ctrl+direction or * direction to attack while stationary and confused.)
You miss the orc wizard.
The orc wizard is lightly wounded.
You slash something!
Reactivating autopickup.
You feel a bit more experienced.
* * * LOW HITPOINT WARNING * * *
You feel very sick.
The orc wizard hits you but does no damage.
The orc hits you but does no damage.
Unknown command.
Unknown command.
Unknown command.
You closely miss the kobold. You hit the orc wizard.
* * * LOW HITPOINT WARNING * * *
You feel sick.
The orc wizard hits you with a +2 dagger of venom.
* * * LOW HITPOINT WARNING * * *
The kobold hits you but does no damage.
The orc hits you from afar with a +0 trident.
You die...

.........#.##.#
###......#..#.#
#......##.#.#
#####'#..#.#.#
#...#.##...#.#
#.#.#.###.>#.####
#.#.#.# ##.#....#
#.#<#.#
#.####.#######
#.###.# #.#
#♣K...... #.....#
#.# #o###.###
####### #.# ..o .
#.# #...8#
#.###...+.
#.......8#.
####..####++ #..#
.# #


You could see an orc wizard, an orc and a kobold.

Vanquished Creatures
  An orc wizard (D:3)
  An adder (D:3)
  A dart slug (D:1)
  An orc (D:3)
  4 ball pythons
  6 endoplasms
  2 giant cockroaches (D:1)
  9 hobgoblins
  3 jackals (D:1)
  4 quokkas
  4 bats
  5 frilled lizards
  3 goblins (D:1)
  5 kobolds
  4 rats
53 creatures vanquished.

Notes
Turn   | Place    | Note
-------+----------+-------------------------------------------
     0 | D:1      | LobsterGuardian the Demonspawn Gladiator began the quest
                  | for the Orb.
     0 | D:1      | Reached XP level 1. HP: 16/16 MP: 1/1
    19 | D:1      | Reached skill level 3 in Axes
    49 | D:1      | Found Jinylocu's Armour Shoppe.
    63 | D:1      | Gained mutation: You are partially covered in molten
                  | scales. (AC +2) [demonic ancestry]
    63 | D:1      | Reached XP level 2. HP: 22/22 MP: 2/2
   116 | D:1      | Found a faded altar of an unknown god.
   319 | D:1      | Gained mutation: You are mostly covered in molten scales.
                  | (AC +3) [demonic ancestry]
   319 | D:1      | Reached XP level 3. HP: 22/27 MP: 3/3
   580 | D:1      | Reached skill level 4 in Axes
   758 | D:1      | Gained mutation: You are agile. (Dex +4, Str/Int -1)
                  | [potion of mutation]
   988 | D:2      | Upgraded the game from 0.31-a0-728-g01b46875f1 to
                  | 0.31-a0-743-g45f7035092
  1456 | D:3      | Found a blossoming altar of Fedhas.
  1456 | D:3      | Found an ancient bone altar of Kikubaaqudgha.
  1457 | D:3      | Found a basalt altar of Yredelemnul.
  1879 | D:3      | Reached XP level 4. HP: 33/33 MP: 4/4
  1879 | D:3      | Found a large runed translucent door.
  1879 | D:3      | Found a large runed translucent door.
  1891 | D:3      | HP: 2/49 [orc wizard/+2 dagger of venom (2)]
  1891 | D:3      | Slain by an orc

Illustrated notes

Levels and vault maps discovered:
D:1:      dpeg_arrival_orchard, layout_basic, nicolae_ecumenical_snake_handling,
          serial_shops, nicolae_shop_tiny_glass
D:2:      layout_rooms
D:3:      layout_basic, chequers_temple_overflow_statue_of_worship,
          jmf_multi_god_temple2, kennysheep_generic_room_5

Skill      XL: |  1  2  3 |
---------------+----------+-----
Axes           | 3 4 |  4.5
Fighting       | |  2.1
Throwing       | |  1.7
Armour         | |  0.1
Dodging        | |  2.7

Action                     |  1- 3 |  4- 6 || total
---------------------------+-------+-------++-------
  Melee: War axe           |   123 |     6 ||   129
    Use: Scroll            |     9 |       ||     9
         Potion            |     1 |     3 ||     4
   Stab: Sleeping          |     2 |       ||     2
 Armour: Leather armour    |    61 |    11 ||    72
         Skin              |       |    14 ||    14
  Dodge: Dodged            |   114 |     9 ||   123

Table legend: (Time is in decaauts)
 A = Elapsed time spent in this place.
 B = Non-inter-level travel time spent in this place.
 C = Inter-level travel time spent in this place.
 D = Time resting spent in this place.
 E = Time spent auto-exploring this place.
 F = Levels seen in this place.
 G = Mean time per level.
                   A        B        C        D        E       F      G
               +--------+--------+--------+--------+--------+-----+--------+
         Total |   1930 |   1859 |     71 |      0 |   1441 |   3 |  643.3 |
       Dungeon |   1930 |   1859 |     71 |      0 |   1441 |   3 |  643.3 |
               +--------+--------+--------+--------+--------+-----+--------+

Top non-repeatable levels by time:
     D:1: 803 daAuts
     D:3: 728 daAuts
     D:2: 397 daAuts
